Unix NetHack Version 5.0.0-0 post-release - last build May  4 2026 22:22:43 (774f63e81ad911689b3a0859ea89b322d5daca8d,branch:main).

Game began 2026-05-10 12:21:56, ended 2026-05-10 13:04:17.

2392976N, chaotic male human Rogue

       -------------
      #............-##
      #|....%...._.|#######
      #-------------# ####   --.-----
      ##                 #   |...<..|
       #                 ### |......|
       #                   # |.....(|#
 ------#                   ##.......+#r@
 |[[[.|#                     --------#
 |[[[.|#     ----------
 |)[[?-#     |..%>....|
 ------######.........|
            #|........|
            #.........|
             |........|
             ----------

2392976N the Cutpurse   St:17 Dx:17 Co:11 In:13 Wi:7 Ch:12  Chaotic
Dlvl:3  $:37 HP:0(20) Pw:12(12) AC:7  Xp:3 T:1589 

Latest messages:
 You feel clumsy!
 You haven't been working on reflexes lately.
 This food really hits the spot!
 You finish eating the food ration.
 You hear someone cursing shoplifters.
 What do you want to throw? [$brx or ?*] b
 In what direction? 4
 The dagger hits the wererat.
 The wererat bites!
 You feel feverish.
 You hit the wererat!
 The wererat bites!
 You hit the wererat.
 The wererat changes into a human.
 The wererat hits!
 You hit the wererat.
 The wererat changes into a rat.
 The wererat misses!
 You hit the wererat.
 The wererat bites!
 You hit the wererat.
 The wererat just misses!
 Are you waiting to get hit?  Use 'm' prefix to force a no-op (to rest).
 Are you waiting to get hit?  Use 'm' prefix to force a no-op (to rest).
 Are you waiting to get hit?  Use 'm' prefix to force a no-op (to rest).
 Are you waiting to get hit?  Use 'm' prefix to force a no-op (to rest).
 Are you waiting to get hit?  Use 'm' prefix to force a no-op (to rest).
 Are you waiting to get hit?  Use 'm' prefix to force a no-op (to rest).
 Are you waiting to get hit?  Use 'm' prefix to force a no-op (to rest).
 Are you waiting to get hit?  Use 'm' prefix to force a no-op (to rest).
 Are you waiting to get hit?  Use 'm' prefix to force a no-op (to rest).
 Are you waiting to get hit?  Use 'm' prefix to force a no-op (to rest).
 Are you waiting to get hit?  Use 'm' prefix to force a no-op (to rest).
 Are you waiting to get hit?  Use 'm' prefix to force a no-op (to rest).
 Are you waiting to get hit?  Use 'm' prefix to force a no-op (to rest).
 Are you waiting to get hit?  Use 'm' prefix to force a no-op (to rest).
 What do you want to zap? [vy or ?*] v
 In what direction? 4
 The wererat bites!
 Are you waiting to get hit?  Use 'm' prefix to force a no-op (to rest).
 What do you want to zap? [vy or ?*] y
 In what direction? 4
 The door swings shut, and locks!
 The wererat bites!
 You die...
 Do you want your possessions identified? [ynq] (y) y
 Do you want to see your attributes? [ynq] (y) y
 Do you want an account of creatures vanquished? [ynaq] (y) y
 Do you want to see your conduct and achievements? [ynq] (y) y
 Do you want to see the dungeon overview? [ynq] (y) y

Inventory:
 Coins    ('$')
  $ - 37 gold pieces
 Weapons  (')')
  r - a +0 elven bow
  b - 8 +0 daggers (alternate weapons; not wielded)
  x - a +0 orcish dagger (at the ready)
  a - a +0 short sword (weapon in right hand)
 Armor    ('[')
  c - an uncursed +1 leather armor (being worn)
 Comestibles  ('%')
  t - an uncursed tripe ration
 Scrolls  ('?')
  o - an uncursed scroll of confuse monster
  l - a cursed scroll of destroy armor
  h - an uncursed scroll of fire
 Spellbooks  ('+')
  u - an uncursed spellbook of jumping
 Potions  ('!')
  m - an uncursed potion of monster detection
  d - an uncursed potion of sickness
 Wands    ('/')
  v - a wand of digging (0:4)
  y - a wand of locking (0:3)
 Tools    ('(')
  f - an empty uncursed sack
  e - an uncursed lock pick
 Gems/Stones  ('*')
  k - an uncursed topaz stone
  q - an uncursed worthless piece of green glass
  s - an uncursed worthless piece of orange glass
  n - an uncursed worthless piece of yellow glass

2392976N the Rogue's attributes:

Background:
 You were a Cutpurse, a level 3 male human Rogue.
 You were chaotic, nominally on a mission for Kos
 who was opposed by Issek (lawful) and Mog (neutral).
 You were right-handed.
 You were in the Dungeons of Doom, on level 3.
 You entered the dungeon 1589 turns ago.
 You had 61 experience points, 19 more were needed to attain level 4.

Basics:
 You had 0 out of 20 hit points.
 You had all 12 energy points (spell power).
 Your armor class was 7.
 Your wallet contained 37 zorkmids.
 Autopickup was off.

Final Characteristics:
 Your strength was 17 (limit:18/100).
 Your dexterity was 17 (peak:18, limit:18).
 Your constitution was 11 (limit:18).
 Your intelligence was 13 (limit:18).
 Your wisdom was 7 (limit:18).
 Your charisma was 12 (limit:18).

Final Status:
 You weren't hungry.
 You were unencumbered.
 You were wielding a short sword.
 You had basic skill with short sword.

Final Attributes:
 You were devoutly aligned.
 You were level-drain resistant.
 You were stealthy.
 You were warded.
 You were a wererat.
 You were harmed by silver.
 You are dead.

Miscellaneous:
 You didn't encounter any bones levels.
 Total elapsed playing time was 42 minutes.

Major events:
 Turn
    1: 2392976N the chaotic male human Rogue entered the dungeon
 1227: attained the rank of Cutpurse (level 3)
 1589: killed by a wererat

You didn't know any spells.

Skills:
 Fighting Skills
   bare handed combat [Unskilled]
   two weapon combat  [Unskilled]
   riding             [Unskilled]
 Weapon Skills
   dagger             [Basic]
   knife              [Unskilled]
   short sword        [Basic]
   broadsword         [Unskilled]
   long sword         [Unskilled]
   two-handed sword   [Unskilled]
   saber              [Unskilled]
   club               [Unskilled]
   mace               [Unskilled]
   morning star       [Unskilled]
   flail              [Unskilled]
   hammer             [Unskilled]
   polearms           [Unskilled]
   spear              [Unskilled]
   crossbow           [Unskilled]
   dart               [Unskilled]
   shuriken           [Unskilled]
 Spellcasting Skills
   divination spells  [Unskilled]
   escape spells      [Unskilled]
   matter spells      [Unskilled]

Voluntary challenges:
 Character rerolling was not enabled.
 You followed a strict vegan diet.
 You were an atheist.
 You were illiterate.
 You never genocided any monsters.
 You never polymorphed an object.
 You never changed form.
 You used no wishes.
Achievements:
 You attained the rank of Cutpurse.
 You entered a shop.

 The Dungeons of Doom: levels 1 to 3
    Level 1:
       Some fountains.
    Level 2:
       A grave.
    Level 3: <- You were here.
       An armor shop, an altar to Kos.
       Final resting place for
          you, killed by a wererat.


Vanquished creatures:
  a shrieker
 an iguana
  a giant rat
  2 yellow molds
  2 geckos
  2 jackals
  2 goblins
  2 grid bugs
  5 lichens
  5 newts
23 creatures vanquished.

No species were genocided or became extinct.

Game over:
                       ----------
                      /          \
                     /    REST    \
                    /      IN      \
                   /     PEACE      \
                  /                  \
                  |     2392976N     |
                  |      37 Au       |
                  |   killed by a    |
                  |     wererat      |
                  |                  |
                  |                  |
                  |       2026       |
                 *|     *  *  *      | *
        _________)/\\_//(\/(/\)/\//\/|_)_______

Goodbye 2392976N the Rogue...

You died in The Dungeons of Doom on dungeon level 3 with 398 points,
and 37 pieces of gold, after 1589 moves.
You were level 3 with a maximum of 20 hit points when you died.

